AoeStats
← 传送nguloko

Black Forest

504647997Analyzed
4v4 RM · 25d ago on Sep 6, 2026· 47m 37s· 8 players
Game mode
Random Map
Map size
Large (8 player)
Population
200
Speed
Normal
Resources
Standard
Victory
Conquest
Starting age
Dark Age
Ending age
Imperial Age
RankedLock teamsTeams togetherTeam positionsShared explorationLock speedFull tech treeHidden civsTurbo modeCheats
Victory
Defeat
🇨🇳 Turks · China
1178
+15
🇺🇸 Berbers · United States
1170
+15
🇵🇪 Tatars · Peru
1164
+15
🇨🇦 Celts · Canada
1108
+17
🇭🇰 Teutons · Hong Kong SAR China
1254
-20
1188
-17
🇭🇰 Burmese · Hong Kong SAR China
1141
-15
🇨🇳 Wei · China
996
-12
ozzyhapdo
11:03 Feudal Age
14:39 Castle Age
12:53 Double-Bit Axe
13:10 Horse Collar
15:30 Bow Saw
15:38 Heavy Plow
19:03 Loom
21:33 Wheelbarrow
22:32 Stone Mining
24:37 Hand Cart
26:49 Town Watch
30:36 Imperial Age
29:16 Scale Mail Armor
29:26 Forging
29:04 Pikeman
29:45 Squires
30:35 Silk Armor
30:54 Capped Ram
31:55 Conscription
30:57 Halberdier
33:03 Chemistry
33:06 Iron Casting
33:08 Arson
33:34 Scale Barding Armor
33:27 Elite Steppe Lancer
34:08 Husbandry
34:20 Bloodlines
35:14 Blast Furnace
34:26 Timurid Siegecraft
35:00 Chain Barding Armor
34:23 Treadmill Crane
35:41 Siege Engineers
35:41 Light Cavalry
39:11 Plate Barding Armor
39:16 Caravan
39:06 Light Cavalry
40:05 Hussar
41:58 Fletching
42:08 Padded Archer Armor
42:05 Gold Mining
44:12 Elite Skirmisher
45:50 Heavy Camel Rider
PuneMahaWarrior
10:33 Feudal Age
13:18 Loom
16:12 Castle Age
16:41 Double-Bit Axe
16:39 Horse Collar
25:07 Wheelbarrow
25:30 Bloodlines
26:02 Scale Barding Armor
26:24 Husbandry
27:35 Forging
27:54 Hand Cart
28:08 Light Cavalry
30:59 Iron Casting
31:24 Chain Barding Armor
34:50 Imperial Age
32:07 Town Watch
32:47 Kasbah
32:42 Gold Mining
32:43 Stone Mining
32:55 Fletching
34:47 Gold Shaft Mining
34:33 Bodkin Arrow
35:00 Ballistics
36:42 Bracer
36:51 Siege Engineers
37:33 Plate Barding Armor
38:17 Conscription
40:42 Blast Furnace
39:19 Hussar
40:51 Cavalier
41:48 Cavalier
Frog
0:27 Loom
14:25 Feudal Age
15:02 Man-at-Arms
15:45 Double-Bit Axe
17:50 Fletching
18:56 Scale Mail Armor
27:54 Castle Age
26:18 Forging
28:07 Long Swordsman
29:04 Chain Mail Armor
28:56 Gambesons
32:06 Pikeman
35:22 Bodkin Arrow
36:31 Horse Collar
37:23 Bow Saw
37:15 Heavy Plow
37:59 Fishing Lines
39:10 Iron Casting
42:03 Imperial Age
40:09 Wheelbarrow
39:55 Arson
40:56 Ballistics
40:27 Town Watch
40:34 Gillnets
41:24 Fortified Wall
42:46 Onager
43:07 Capped Ram
44:13 Conscription
43:33 Capped Ram
43:50 Onager
44:17 Siege Ram
45:07 Two-Handed Swordsman
46:51 Champion
48:07 Plate Mail Armor
老牌休闲玩家
1:25 Loom
12:44 Feudal Age
16:33 Castle Age
14:23 Double-Bit Axe
14:47 Horse Collar
16:54 Wheelbarrow
17:36 Bow Saw
17:53 Heavy Plow
21:24 Gold Mining
22:24 Stone Mining
25:00 Hand Cart
27:36 Fishing Lines
31:28 Imperial Age
30:13 Coinage
29:37 Town Watch
31:22 Caravan
32:48 Banking
32:40 Conscription
31:42 Elite Janissary
32:14 Treadmill Crane
32:55 Bombard Tower
33:52 Two-Man Saw
35:46 Guilds
36:36 Fletching
36:49 Padded Archer Armor
38:17 Artillery
40:47 Bodkin Arrow
41:28 Scale Barding Armor
41:42 Leather Archer Armor
47:12 Bracer
47:44 Ring Archer Armor
48:10 Gold Shaft Mining
47:42 Scale Barding Armor
47:49 Forging
taki英语课睡觉
1:24 Loom
10:48 Feudal Age
12:26 Fletching
22:18 Double-Bit Axe
26:34 Castle Age
41:59 Imperial Age
42:07 Wheelbarrow
41:22 Horse Collar
41:36 Stone Mining
41:40 Gold Mining
42:02 Bow Saw
42:45 Heavy Plow
43:51 Two-Man Saw
43:15 Forging
44:28 Scale Mail Armor
44:55 Squires
45:31 Hand Cart
46:22 Chain Mail Armor
46:48 Crop Rotation
46:57 Iron Casting
46:07 Pikeman
47:40 Plate Mail Armor
46:43 Halberdier
三七开
11:19 Feudal Age
12:37 Loom
15:13 Castle Age
14:17 Fishing Lines
15:42 Town Watch
16:03 Gillnets
26:09 Horse Collar
29:08 Imperial Age
27:56 Wheelbarrow
27:46 Gold Mining
27:50 Stone Mining
29:13 Gold Shaft Mining
28:41 Padded Archer Armor
29:13 Elite Arambai
30:44 Conscription
30:59 Husbandry
31:10 Bloodlines
30:57 Fletching
31:38 Parthian Tactics
31:41 Ballistics
32:03 Hand Cart
33:07 Onager
37:03 Chemistry
36:15 Masonry
39:22 Coinage
46:16 Light Cavalry
47:04 Scale Barding Armor
47:15 Forging
传送nguloko
11:04 Feudal Age
16:35 Loom
19:12 Castle Age
17:35 Double-Bit Axe
17:33 Horse Collar
17:47 Stone Mining
20:39 Gold Mining
21:12 Bow Saw
21:04 Heavy Plow
22:15 Wheelbarrow
23:18 Gold Shaft Mining
23:19 Stone Shaft Mining
25:08 Hand Cart
24:42 Town Watch
28:25 Pikeman
32:02 Thumb Ring
35:39 Imperial Age
33:08 Fletching
33:25 Scale Barding Armor
36:17 Forging
36:28 Chain Barding Armor
36:09 Padded Archer Armor
36:05 Bodkin Arrow
36:17 Murder Holes
37:24 Chemistry
36:36 Masonry
36:47 Ballistics
36:09 Treadmill Crane
37:45 Parthian Tactics
41:22 Ming Guang Armor
40:59 Tuntian
41:25 Tuntian
40:49 Elite Tiger Cavalry
44:01 Ming Guang Armor
42:57 Elite Tiger Cavalry
45:14 Bracer
45:52 Iron Casting
47:26 Elite Tiger Cavalry
48:34 Ming Guang Armor
以前我带你们游牧
1:20 Loom
12:01 Feudal Age
15:36 Castle Age
13:36 Double-Bit Axe
14:47 Fishing Lines
15:28 Horse Collar
16:58 Bow Saw
19:09 Gillnets
20:55 Fervor
20:35 Demolition Ship
21:18 Heavy Plow
22:26 Wheelbarrow
22:35 Town Watch
24:01 Hand Cart
28:22 Imperial Age
27:25 Sanctity
28:59 Scale Mail Armor
29:09 Forging
30:24 Chemistry
29:45 Ballistics
29:31 Siege Engineers
29:37 Masonry
29:26 Pikeman
30:06 Squires
29:52 Arson
30:47 Conscription
30:10 Treadmill Crane
30:49 Wagenburg Tactics
30:23 Halberdier
32:04 Chain Mail Armor
32:25 Iron Casting
33:01 Treadmill Crane
33:51 Architecture
33:27 Siege Engineers
33:43 Bombard Tower
33:33 Siege Engineers
33:49 Bombard Tower
33:21 Fletching
34:01 Plate Mail Armor
34:24 Houfnice
37:02 Two-Man Saw
36:09 Hussite Reforms
36:06 Murder Holes
36:07 Bodkin Arrow
36:43 Plate Mail Armor
37:13 Blast Furnace
37:07 Padded Archer Armor
38:07 Blast Furnace
40:04 Guilds
41:20 Bracer
41:35 Leather Archer Armor
47:03 Ring Archer Armor
Connection lost

Rejoining the realm…

Still unreachable

The connection could not be restored.

Session expired

The server has moved on; the page needs a fresh start.